 Dungeon Crawl Stone Soup version 0.29-a0-1023-g6ae1a4a2c7 (webtiles) character file.

Game seed: 13392648057788016390

6411 Zeldest the Martial Artist (level 10, 0/55 HPs)
             Began as a Vine Stalker Delver on Aug 11, 2022.
             Was a Priest of Wu Jian.
             Slain by a troll simulacrum (8 damage)
             ... in an ice cave.
             The game lasted 00:34:32 (5117 turns).

Zeldest the Martial Artist (Vine Stalker Delver)    Turns: 5117, Time: 00:34:32

Health: 0/55       AC:  5    Str: 16      XL:     10   Next: 98%
Magic:  0/17       EV: 11    Int: 14      God:    Wu Jian [***...]
Gold:   555        SH:  7    Dex: 16 (17) Spells: 3/17 levels left

rFire   . . .      SeeInvis +   c - +0 dagger (elec)
rCold   + . .      Faith    .   B - +0 kite shield
rNeg    + . .      Spirit   +   j - +0 leather armour {rC+}
rPois   .          Reflect  .   i - +1 hat {Stlth+}
rElec   .          Harm     .   e - +0 cloak
rCorr   .          Rampage  .   (no gloves)
Will    +....                   (no boots)
Stlth   ++++......              (no amulet)
HPRegen 0.98/turn               g - ring of see invisible
MPRegen 0.15/turn               v - ring of positive energy

@: no status effects
A: fangs 3, regeneration 1, magic shield, antimagic bite, no potion heal 2,
clever 1, deterioration 1
a: Renounce Religion, Wall Jump, Serpent's Lash


You were in an ice cave.
You worshipped Wu Jian.
Wu Jian was most pleased with you.
You visited 2 branches of the dungeon, and saw 12 of its levels.
You also visited: Ice Cave.

You collected 555 gold pieces.

Inventory:

Hand Weapons
 c - a +0 dagger of electrocution (weapon)
 m - a +0 short sword of speed
Missiles
 n - 2 curare-tipped darts (quivered)
Armour
 e - a +0 cloak (worn)
 i - a +1 hat of stealth (worn)
 j - a +0 leather armour of cold resistance (worn)
 B - a +0 kite shield (worn)
 D - +0 acid dragon scales
Jewellery
 g - a ring of see invisible (left hand)
 v - a ring of positive energy (right hand)
 A - a ring of fire
Wands
 f - a wand of digging (2)
 k - a wand of paralysis (9)
 u - a wand of flame (10)
 C - a wand of polymorph (5)
Scrolls
 b - a scroll of fog
 d - 3 scrolls of fear
 l - a scroll of blinking
 o - a scroll of immolation {unknown}
 p - a scroll of noise
 s - 2 scrolls of teleportation
 t - a scroll of poison
 y - 3 scrolls of vulnerability
 z - a scroll of amnesia {unknown}
 F - a scroll of acquirement {unknown}
Potions
 a - a potion of attraction
 h - a potion of berserk rage
 q - a potion of brilliance
 r - 5 potions of curing
 w - a potion of haste
 x - a potion of flight {unknown}
 E - a potion of cancellation {unknown}
 G - a potion of lignification {unknown}
Miscellaneous
 H - a condenser vane


   Skills:
 + Level 7.0 Fighting
 - Level 5.0 Short Blades
 - Level 1.9 Armour
 + Level 4.1 Dodging
 - Level 6.0 Stealth
 + Level 8.1 Unarmed Combat
 - Level 4.3 Spellcasting
 + Level 6.3 Translocations
 + Level 4.3 Transmutations
 - Level 2.6 Evocations


You had 3 spell levels left.
You knew the following spells:

 Your Spells              Type           Power      Damage    Failure   Level
a - Blink                 Tloc           40%        N/A       10%         2
b - Manifold Assault      Tloc           20%        N/A       86%         5
c - Storm Form            Tmut/Air       4%         N/A       100%        7

Your spell library contained the following spells:

 Spells                   Type           Power      Damage    Failure   Level
 Inner Flame              Hex/Fire       3%         N/A       94%         3
 Cause Fear               Hex            1%         N/A       100%        4
 Corpse Rot               Necr/Pois/Air  3%         N/A       100%        4
 Dispel Undead            Necr           3%         3d7       100%        4
 Death Channel            Necr           1%         N/A       100%        6
 Discord                  Hex            1%         N/A       100%        8


Dungeon Overview and Level Annotations

Branches:
Dungeon (11/15)            Temple (1/1) D:6             Orc (0/2) D:9
  IceCv (1/1)
   Lair: D:8-11

Altars:
Ashenzari
Cheibriados
Dithmenos
Elyvilon
Fedhas
Hepliaklqana
Kikubaaqudgha
Nemelex Xobeh
Okawaru
Qazlal
Ru
Sif Muna
Uskayaw
Vehumet
Wu Jian
Xom
Zin
The Shining One

Shops:
D:2 [   D:3 [


Innate Abilities, Weirdness & Mutations

You have razor-sharp teeth.
Your natural rate of healing is unusually fast.
When hurt, damage is shared between your health and your magic reserves.
Your bite disrupts and absorbs the magic of your enemies.
Potions cannot restore your health.
Your mind is acute. (Int +4, Str/Dex -1)
Your body sometimes deteriorates upon taking damage.


Message History

Lightning courses through the wolf simulacrum!
The wolf simulacrum vaporises!
The Council accepts your kill.
You lunge at the troll simulacrum.
You hit the troll simulacrum but do no damage.
You block the troll simulacrum's attack.
The troll simulacrum claws you. The troll simulacrum freezes you. You resist.
The troll simulacrum closely misses you.
You hit the troll simulacrum. You bite the troll simulacrum.
You drain its power.
You feel invigorated.
The troll simulacrum is moderately damaged.
You hit the troll simulacrum.
The troll simulacrum is heavily damaged.
The troll simulacrum bites you. The troll simulacrum freezes you! You resist.
The troll simulacrum claws you. The troll simulacrum freezes you. You resist.
The troll simulacrum completely misses you.
You barely miss the troll simulacrum. Your bite misses the troll simulacrum.
The troll simulacrum is heavily damaged.
The troll simulacrum closely misses you.
You block the troll simulacrum's attack.
The troll simulacrum claws you but does no damage.
You hit the troll simulacrum.
The troll simulacrum is heavily damaged.
The wolf simulacrum bites you but does no damage.
The wolf simulacrum bites you. The wolf simulacrum freezes you. You resist.
You hit the troll simulacrum but do no damage.
You bite the troll simulacrum. You drain its power.
You feel invigorated.
The troll simulacrum is heavily damaged.
The wolf simulacrum closely misses you. The troll simulacrum bites you!
The troll simulacrum freezes you! You resist.
You block the troll simulacrum's attack.
The troll simulacrum claws you!
* * * LOW HITPOINT WARNING * * *
Your body deteriorates!
You feel clumsy. The troll simulacrum freezes you! You resist.
* * * LOW HITPOINT WARNING * * *
You hit the troll simulacrum.
The troll simulacrum is severely damaged.
You block the wolf simulacrum's attack. The troll simulacrum bites you!
You die...

##### #
###...####
..###........##
........Z.....##
#......Z@.....#
#............#
##..........##
##.#....#.## #
##..#### ##..#
##..## #..##
#...##


You could see a wolf simulacrum and a troll simulacrum.

Vanquished Creatures
  A two-headed ogre (D:10)
  The ghost of miscthings the Skirmisher, a novice MeAr (D:7)
  2 rime drakes (D:11)
  A komodo dragon (D:8)
  A wraith (D:9)
  A wyvern (D:9)
  6 yaks (D:8)
  3 death yak simulacra (IceCv)
  2 acid dragons (D:9)
  2 orc warriors
  3 ice beasts
  5 kobold brigands
  A scorpion (D:7)
  5 bullfrogs
  A gnoll sergeant (D:8)
  A two-headed ogre simulacrum (IceCv)
  2 cane toad simulacra (IceCv)
  9 wights (D:7)
  4 killer bees (D:9)
  2 howler monkeys (D:9)
  3 orc priests (D:8)
  A gnoll bouda (D:6)
  4 iguanas
  5 orc wizards
  A polar bear simulacrum (IceCv)
  2 troll simulacra (IceCv)
  A centaur simulacrum (D:7)
  2 wolf simulacra (IceCv)
  A killer bee simulacrum (D:7)
  3 adders
  4 gnolls
  A naga simulacrum (IceCv)
  2 white imps (D:7)
  An ufetubus (D:4)
  27 orcs
  4 endoplasms
  3 giant cockroaches
  2 goblins (D:2)
  3 hobgoblins
  A quokka (D:1)
  2 ball pythons
  A bat (D:1)
  7 frilled lizards
  18 kobolds
  5 rats
157 creatures vanquished.

Vanquished Creatures (others)
  3 plants (D:8)
3 creatures vanquished.

Grand Total: 160 creatures vanquished

Notes
Turn   | Place    | Note
-------+----------+-------------------------------------------
     0 | D:5      | Zeldest the Vine Stalker Delver began the quest for the
                  | Orb.
     0 | D:5      | Reached XP level 1. HP: 11/11 MP: 2/2
    19 | D:4      | Noticed a necrophage
    20 | D:4      | Noticed an iguana
    59 | D:5      | Noticed a black bear
    59 | D:5      | Noticed an ice beast
    66 | D:5      | Noticed a hound
   153 | D:2      | Found Herphi's Antique Armour Emporium.
   320 | D:1      | Reached XP level 2. HP: 8/16 MP: 3/3
   542 | D:2      | Identified the +0 ring mail "Zihauts" {Str+4}
   610 | D:3      | Found Mown's Armour Shop.
   746 | D:1      | Reached XP level 3. HP: 19/19 MP: 4/4
  1009 | D:2      | HP: 1/20 [gnoll/+0 flail (1)]
  1011 | D:2      | Reached skill level 3 in Unarmed Combat
  1274 | D:4      | Found a glowing silver altar of Zin.
  1357 | D:6      | Noticed a bullfrog
  1364 | D:6      | Gained mutation: You occasionally lose the ability to read
                  | scrolls when taking damage. [potion of mutation]
  1364 | D:6      | Gained mutation: You have sharp toenails. [potion of
                  | mutation]
  1364 | D:6      | Gained mutation: You are somewhat resistant to further
                  | mutation. [potion of mutation]
  1556 | D:6      | Killed a bullfrog
  1557 | D:6      | Reached skill level 1 in Armour
  1557 | D:6      | Gained mutation: Your natural rate of healing is unusually
                  | fast. [Vine Stalker growth]
  1557 | D:6      | Reached XP level 4. HP: 16/24 MP: 2/5
  1557 | D:6      | Reached XP level 5. HP: 19/28 MP: 2/6
  1602 | D:6      | Reached skill level 4 in Unarmed Combat
  1649 | D:6      | Found a staircase to the Ecumenical Temple.
  1671 | Temple   | Entered the Ecumenical Temple
  1688 | Temple   | Became a worshipper of the Wu Jian Council
  1741 | D:6      | Reached XP level 6. HP: 28/33 MP: 4/7
  1806 | D:7      | Found a runed translucent gate.
  1807 | D:7      | Found a runed translucent gate.
  1808 | D:7      | Found a runed translucent gate.
  1850 | D:7      | Lost mutation: You are somewhat resistant to further
                  | mutation. [potion of mutation]
  1850 | D:7      | Lost mutation: You occasionally lose the ability to read
                  | scrolls when taking damage. [potion of mutation]
  1850 | D:7      | Lost mutation: You have sharp toenails. [potion of
                  | mutation]
  1850 | D:7      | Gained mutation: You sometimes lose your temper in combat.
                  | [potion of mutation]
  1850 | D:7      | Gained mutation: Your flesh is heat resistant. (rF+)
                  | [potion of mutation]
  1859 | D:7      | Noticed an ice beast
  1859 | D:7      | Noticed miscthings's ghost (novice MeAr)
  1863 | D:7      | Noticed an orc warrior
  1888 | D:7      | Noticed an ice beast
  1912 | D:7      | Killed an ice beast
  1913 | D:7      | Reached skill level 1 in Spellcasting
  1913 | D:7      | Reached skill level 1 in Translocations
  1971 | D:7      | Reached skill level 5 in Unarmed Combat
  1971 | D:7      | Reached XP level 7. HP: 10/37 MP: 4/10
  2087 | D:7      | Reached skill level 1 in Short Blades
  2341 | D:7      | Reached * piety under Wu Jian
  2439 | D:7      | Gained mutation: You have razor-sharp teeth. [Vine Stalker
                  | growth]
  2439 | D:7      | Reached XP level 8. HP: 42/42 MP: 11/13
  2625 | D:7      | Identified the +9 glaive "Nixet" {vorpal, Dex+3}
  2655 | D:7      | Reached skill level 5 in Fighting
  2711 | D:7      | Reached skill level 6 in Unarmed Combat
  2916 | D:7      | Killed miscthings's ghost
  2917 | D:7      | Reached XP level 9. HP: 19/47 MP: 9/16
  3116 | D:8      | Reached ** piety under Wu Jian
  3128 | D:8      | Found an ancient bone altar of Kikubaaqudgha.
  3219 | D:8      | Found a hazy altar of Hepliaklqana.
  3219 | D:8      | Found a faded altar of an unknown god.
  3230 | D:8      | Reached skill level 1 in Transmutations
  3393 | D:8      | Reached skill level 1 in Evocations
  3416 | D:8      | Reached skill level 5 in Translocations
  3427 | D:8      | Found a shimmering altar of Xom.
  3436 | D:8      | Reached skill level 7 in Unarmed Combat
  3472 | D:8      | Noticed a komodo dragon
  3484 | D:8      | HP: 1/48 [komodo dragon (22)]
  3498 | D:8      | Killed a komodo dragon
  3499 | D:8      | Reached XP level 10. HP: 20/53 MP: 3/17
  3878 | D:9      | Lost mutation: Your flesh is heat resistant. (rF+) [potion
                  | of mutation]
  3878 | D:9      | Lost mutation: You sometimes lose your temper in combat.
                  | [potion of mutation]
  3878 | D:9      | Gained mutation: Your mind is acute. (Int +4, Str/Dex -1)
                  | [potion of mutation]
  3878 | D:9      | Gained mutation: Your body sometimes deteriorates upon
                  | taking damage. [potion of mutation]
  4051 | D:9      | Reached *** piety under Wu Jian
  4054 | D:9      | Found a shimmering blue altar of Sif Muna.
  4110 | D:9      | Found a staircase to the Orcish Mines.
  4235 | D:10     | Entered Level 10 of the Dungeon
  4430 | D:10     | Learned a level 2 spell: Blink
  4445 | D:10     | Learned a level 5 spell: Manifold Assault
  4453 | D:10     | Learned a level 7 spell: Storm Form
  4571 | D:10     | Noticed a two-headed ogre
  4623 | D:10     | Killed a two-headed ogre
  4721 | D:11     | Found a frozen archway.
  4724 | D:11     | Reached skill level 5 in Short Blades
  4958 | IceCv    | Entered an ice cave
  5067 | IceCv    | Reached skill level 8 in Unarmed Combat
  5117 | IceCv    | Slain by a troll simulacrum

Illustrated notes

Levels and vault maps discovered:
D:1:      lemuel_arrival_river_ford, layout_loops_ring,
          dreamdust_ecumenical_altar_grove
D:2:      minmay_alternating_diamond, layout_loops_ring, serial_shops,
          nicolae_square_shop, minmay_pentomino_o4
D:3:      layout_loops_ring, serial_shops, nicolae_shop_statue_plus,
          grunt_ministairs_15
D:4:      layout_cave_pools, mainiacjoe_overflow_paths, grunt_gozag_statues,
          trog_butcher_becter
D:5:      layout_rooms, dk_yredelemnul_ordeal, minivault_24,
          hangedman_abyss_or_decor_passed, minmay_small_thing, uniq_grinder
D:6:      layout_cave_pods, minmay_temple_entry_mist, grunt_ministairs_6
D:7:      layout_basic, gammafunk_ghost_icy
D:8:      layout_basic, kiku_gazebo_pond_becter,
          beargit_hepliaklqana_dungeon_heroes,
          mainiacjoe_overflow_concentric_impassable, minmay_lizard_king
D:9:      layout_rooms, lightli_temple_of_fire, tgw_sif, orc_0_dummy,
          st_stairs_7
D:10:     layout_basic, serial_bayou_pond_e, nicolae_kite_square_tiling_tiny
D:11:     layout_roguey, minmay_lair_entry_grove, portal_ice_cave_rime,
          uniq_nergalle
Temple:   nicolae_temple_ecumenical_triangle
IceCv:    ice_cave_small_necro

Skill      XL: |  1  2  3  4  5  6  7  8  9 10 |
---------------+-------------------------------+-----
Fighting       | 3 4 5 6 7 |  7.0
Unarmed Combat | 3 4 5 6 7 8 |  8.1
Armour         | 1 |  1.9
Spellcasting   | 1 2 4 |  4.3
Translocations | 1 2 4 5 6 |  6.3
Short Blades   | 1 3 4 5 |  5.0
Dodging        | 3 4 |  4.1
Transmutations | 2 4 |  4.3
Evocations     | 2 |  2.6
Stealth        | |  6.0

Action                   |  1- 3 |  4- 6 |  7- 9 | 10-12 || total
-------------------------+-------+-------+-------+-------++-------
Melee: Unarmed           |    89 |    53 |     2 |       ||   144
       Bite              |    22 |    14 |    85 |    52 ||   173
       Punch             |     1 |     1 |    12 |       ||    14
       Kick              |     3 |     8 |       |       ||    11
       Dagger            |       |       |   263 |   180 ||   443
Invok: Lunge             |       |     2 |    12 |    19 ||    33
       Whirlwind         |       |       |    48 |    50 ||    98
Evoke: Wand              |     5 |     4 |    10 |    22 ||    41
  Use: Scroll            |     6 |     6 |     1 |     2 ||    15
       Potion            |     5 |     1 |     1 |     1 ||     8
 Stab: Sleeping          |     4 |     1 |     3 |     4 ||    12
       Paralysed         |       |       |       |     4 ||     4
Armor: Chain mail        |    14 |       |    19 |    16 ||    49
       Leather armour    |     1 |       |       |     8 ||     9
       Ring mail         |    16 |     8 |    38 |       ||    62
       Acid dragon scale |       |       |       |    31 ||    31
Dodge: Dodged            |    51 |    29 |    60 |    56 ||   196
Block: Kite shield       |       |       |    23 |    55 ||    78

Table legend: (Time is in decaauts)
 A = Elapsed time spent in this place.
 B = Non-inter-level travel time spent in this place.
 C = Inter-level travel time spent in this place.
 D = Time resting spent in this place.
 E = Time spent auto-exploring this place.
 F = Levels seen in this place.
 G = Mean time per level.
                   A        B        C        D        E       F      G
               +--------+--------+--------+--------+--------+-----+--------+
         Total |   5164 |   4759 |    405 |    221 |      0 |  13 |  397.2 |
       Dungeon |   4974 |   4569 |    405 |    221 |      0 |  11 |  452.2 |
        Temple |     32 |     32 |      0 |      0 |      0 |   1 |   32.0 |
      Ice Cave |    157 |    157 |      0 |      0 |      0 |   1 |  157.0 |
               +--------+--------+--------+--------+--------+-----+--------+

Top non-repeatable levels by time:
     D:7: 1155 daAuts
     D:8: 812 daAuts
     D:9: 598 daAuts
    D:10: 593 daAuts
     D:6: 420 daAuts
     D:1: 386 daAuts
     D:3: 375 daAuts
     D:2: 365 daAuts
     D:4: 162 daAuts
   IceCv: 157 daAuts
    D:11: 60 daAuts
     D:5: 43 daAuts
  Temple: 32 daAuts
